cohdb
Replays
Latest Replays
All Replays
Popular Replays
Top Player Replays
Match Explorer
How It Works
Community
CoH3 Stats
Reddit
Sign in to upload your games and track your stats! →
Sign in with Steam
Allied main Drag blob of stuff > right click
Match 32190736
Overview
Messages
Build Orders
End
Construct Barracks
Riflemen Squad
M1 Mortar Team
Riflemen Squad
Engineer Squad
Selects Armored Battlegroup
Selects Veteran Crews
Selects Fast Deploy
Construct Medical Station
Riflemen Squad
Grenade Package
Infantry Support Center
M1918 Browning Automatic Rifles
Munitions Surplus
Selects M8 Scott SPG
Riflemen Squad
M8 Scott SPG
Engineer Squad
Construct Motor Pool
M1 Anti-tank Gun Team
Riflemen Squad
M1 Anti-tank Gun Team
Construct Weapon Support Center
Construct Weapon Support Center
M3 Armored Personnel Carrier
Selects M31 Recovery Vehicle
Selects War Machine
Selects UNKNOWN (2160077)
Construct Tank Depot
M4A3E8 Sherman Easy Eight
M31 Recovery Vehicle
M31 Recovery Vehicle
M4A3E8 Sherman Easy Eight
M1919 Machine Gun Team
M1 Anti-tank Gun Team
M4A3E8 Sherman Easy Eight
M18 Hellcat Tank Destroyer
M18 Hellcat Tank Destroyer
Riflemen Squad
M1919 Machine Gun Team
M18 Hellcat Tank Destroyer
M18 Hellcat Tank Destroyer
Bego
Lox
Evelynn
[TGR] ImperialGuard
0
0
Comments
sign in to comment!
No comments posted yet!